AoeStats
← jcmanriqe

MegaRandom

509912054Analyzed
3v3 RM · 5d ago on Sep 28, 2026· 95m 31s· 6 players
Game mode
Random Map
Map size
Normal (6 player)
Population
200
Speed
Normal
Resources
Standard
Victory
Conquest
Starting age
Dark Age
Ending age
Imperial Age
RankedLock teamsTeams togetherTeam positionsShared explorationLock speedFull tech treeHidden civsTurbo modeCheats
Victory
Defeat
🇪🇸 Chinese · Spain
623
+12
🇧🇷 Khmer · Brazil
616
+12
🇨🇳 Mongols · China
605
+13
🇺🇸 Aztecs · United States
550
-13
🇩🇪 Turks · Germany
535
-12
🇨🇾 Teutons · Cyprus
515
-12
Cuauhocelotl831
2:33 Loom
19:06 Feudal Age
20:57 Double-Bit Axe
22:20 Wheelbarrow
22:24 Town Watch
25:42 Castle Age
28:06 Bow Saw
29:23 Hand Cart
29:10 Town Patrol
40:05 Fletching
43:11 Imperial Age
47:49 Gold Mining
50:32 Gold Shaft Mining
50:47 Caravan
51:37 Onager
54:42 Siege Onager
68:09 Fortified Wall
78:36 Pikeman
79:16 Squires
DoneHealer17475
0:44 Loom
16:29 Feudal Age
17:50 Wheelbarrow
17:00 Town Watch
17:00 Horse Collar
17:11 Double-Bit Axe
17:38 Gold Mining
26:17 Castle Age
24:35 Stone Mining
24:46 Fletching
25:06 Forging
24:57 Scale Mail Armor
25:03 Scale Barding Armor
24:58 Padded Archer Armor
27:16 Hand Cart
27:03 Town Patrol
27:05 Heavy Plow
27:19 Bow Saw
27:46 Stone Shaft Mining
28:48 Bodkin Arrow
29:38 Chain Mail Armor
31:23 Masonry
31:34 Ballistics
31:28 Fortified Wall
32:22 Fervor
33:44 Iron Casting
34:09 Coinage
33:42 Elite Skirmisher
35:00 Squires
34:21 Pikeman
34:46 Arson
38:55 Caravan
38:41 Crossbowman
48:31 Bloodlines
56:43 Imperial Age
70:40 Ironclad
78:25 Fishing Lines
79:02 Elite Teutonic Knight
BuffelBurak
4:46 Loom
17:49 Feudal Age
18:57 Horse Collar
19:07 Double-Bit Axe
21:16 Gold Mining
21:17 Stone Mining
20:58 Man-at-Arms
21:24 Arson
25:17 Castle Age
26:25 Heavy Plow
26:39 Bow Saw
27:09 Gold Shaft Mining
27:28 Coinage
26:59 Caravan
27:04 Long Swordsman
27:45 Squires
29:52 Wheelbarrow
29:03 Town Watch
35:08 Imperial Age
33:38 Hand Cart
34:12 Town Patrol
36:22 Bloodlines
36:06 Two-Handed Swordsman
36:54 Scale Barding Armor
36:50 Scale Mail Armor
39:50 Two-Man Saw
42:21 Guilds
42:50 Banking
42:50 Champion
47:29 Elite Janissary
51:14 Hoardings
53:17 Chain Barding Armor
53:13 Chain Mail Armor
53:09 Forging
52:49 Fletching
53:00 Padded Archer Armor
53:13 Fortified Wall
52:58 Murder Holes
53:14 Masonry
65:43 Plate Barding Armor
65:39 Plate Mail Armor
65:45 Iron Casting
65:08 Bodkin Arrow
jcmanriqe
0:43 Loom
12:11 Feudal Age
13:31 Wheelbarrow
12:46 Double-Bit Axe
21:08 Castle Age
19:27 Gold Mining
19:28 Stone Mining
19:35 Horse Collar
20:21 Fishing Lines
22:19 Hand Cart
22:36 Heavy Plow
23:14 Fletching
24:12 Caravan
24:55 Bow Saw
26:12 Gold Shaft Mining
27:48 Stone Shaft Mining
27:33 Town Watch
28:31 Bodkin Arrow
29:45 Padded Archer Armor
29:48 Town Patrol
31:40 Leather Archer Armor
33:31 Thumb Ring
32:50 Crossbowman
38:12 Imperial Age
40:41 Chemistry
40:02 Ballistics
40:38 Bracer
41:10 Ring Archer Armor
41:13 Masonry
42:50 Fortified Wall
42:36 Murder Holes
42:45 Heavy Rocket Cart
42:45 Capped Ram
44:29 Two-Man Saw
45:00 Rocketry
49:40 Squires
49:25 Arson
53:08 Elite Chu Ko Nu
62:44 Sappers
81:51 Architecture
81:12 Heated Shot
81:43 Bombard Tower
81:09 Arrowslits
81:14 Guard Tower
81:30 Siphons
81:45 Shipwright
81:36 Clinker Construction
81:37 Careening
81:20 Gillnets
81:41 Medium Warships
80:51 Demolition Ship
83:03 Elite Fire Lancer
viny
2:31 Loom
12:35 Feudal Age
13:10 Town Watch
14:05 Wheelbarrow
17:36 Double-Bit Axe
17:45 Stone Mining
25:39 Castle Age
26:22 Scale Barding Armor
28:13 Hand Cart
27:56 Gold Mining
28:22 Bow Saw
28:14 Fletching
40:48 Imperial Age
41:10 Chain Barding Armor
44:27 Chemistry
43:48 Ballistics
44:11 Tusk Swords
48:28 Bodkin Arrow
50:05 Bracer
56:02 Double Crossbow
59:10 Elite Ballista Elephant
60:31 Plate Barding Armor
63:12 Forging
66:23 Gold Shaft Mining
Wolf
1:25 Loom
16:09 Feudal Age
16:56 Fishing Lines
20:55 Gold Mining
24:53 Castle Age
24:19 Double-Bit Axe
24:28 Gold Mining
24:29 Stone Mining
24:23 Horse Collar
25:27 Wheelbarrow
27:11 Gold Shaft Mining
27:13 Stone Shaft Mining
27:13 Gillnets
27:33 Thumb Ring
29:27 Hand Cart
29:33 Bow Saw
30:07 Heavy Plow
30:35 Bloodlines
33:23 Ballistics
37:22 Imperial Age
34:42 Town Watch
39:18 Chemistry
37:47 Elite Mangudai
38:52 Conscription
38:30 Fletching
38:47 Herbal Medicine
39:59 Husbandry
40:50 Hoardings
40:38 Drill
40:24 Capped Ram
42:25 Parthian Tactics
41:58 Bodkin Arrow
42:04 Padded Archer Armor
42:40 Light Cavalry
43:32 Siege Engineers
43:38 Fortified Wall
43:24 Murder Holes
43:39 Masonry
46:19 Siege Ram
51:05 Hussar
52:15 Bracer
52:31 Leather Archer Armor
52:29 Masonry
56:09 Scale Barding Armor
56:18 Fervor
61:31 Nomads
61:02 Sappers
64:44 Chain Barding Armor
64:41 Clinker Construction
64:42 Careening
64:53 Shipwright
64:53 Medium Warships
66:16 Forging
66:30 Pikeman
67:10 Squires
66:56 Arson
76:18 Iron Casting
77:16 Town Patrol
79:15 Heavy Warships
79:56 Blast Furnace
80:21 Scale Mail Armor
80:18 Elite Steppe Lancer
80:18 Heavy Camel Rider
80:19 Cavalier
81:33 Heavy Cavalry Archer
82:32 Chain Mail Armor
81:46 Man-at-Arms
82:33 Atonement
82:33 Devotion
82:54 Heresy
89:34 Spies/Treason
Connection lost

Rejoining the realm…

Still unreachable

The connection could not be restored.

Session expired

The server has moved on; the page needs a fresh start.